 Dungeon Crawl Stone Soup version 0.31-a0-344-gd109795599 (webtiles) character file.

Game seed: 1086020303683358591

1865 LustLizard the Grappler (level 9, 0/61 HPs)
             Began as an Octopode Shapeshifter on July 21, 2023.
             Was a Believer of Okawaru.
             Slain by a sky beast (6 damage)
             ... on level 6 of the Dungeon.
             The game lasted 00:12:09 (6502 turns).

LustLizard the Grappler (Octopode Shapeshifter)     Turns: 6502, Time: 00:12:10

Health: 0/61       AC:  1    Str: 17    XL:     9   Next: 13%
Magic:  12/12      EV: 13    Int: 12    God:    Okawaru [**....]
Gold:   501        SH:  0    Dex: 12    Spells: 8/8 levels left

rFire   . .          .
                       - Unarmed
rCold   . . .        (no shield)
rNeg    . . .        (helmet currently unavailable)
rPois   .            (no amulet)
rElec   .            d - ring of willpower
rCorr   .            (no ring)
SInv    .            (no ring)
Will    +....        (no ring)
Stlth   +++          (no ring)
HPRegen 0.30/turn    (no ring)
MPRegen 0.13/turn    (no ring)
                     (no ring)

%: no passive effects
@: beast-form, marked
A: beast (slay +3), almost no armour, amphibious, 8 rings, camouflage 1,
gelatinous body 1, (nimble swimmer 1), tentacles
a: Begin Untransformation, Renounce Religion, Heroism


You were on level 6 of the Dungeon.
You worshipped Okawaru.
Okawaru was pleased with you.
You were a hulking beast.
You visited 1 branch of the dungeon, and saw 7 of its levels.
You also visited: Sewer.

You collected 501 gold pieces.

Inventory:

Missiles
 k - 3 poisoned darts (quivered)
Armour
 r - a +2 hat
Jewellery
 d - a ring of willpower (left tentacle)
 t - an amulet of magic regeneration
Talismans
 b - a beast talisman
Wands
 s - a wand of digging (6)
Scrolls
 a - a scroll of brand weapon {unknown}
 c - a scroll of fear {unknown}
 e - a scroll of enchant armour {unknown}
 f - 2 scrolls of teleportation
 i - a scroll of identify
 l - 2 scrolls of enchant weapon {unknown}
 m - a scroll of poison {unknown}
 p - a scroll of blinking
 u - a scroll of fog {unknown}
Potions
 g - a potion of brilliance
 h - a potion of invisibility
 j - 3 potions of mutation
 n - 2 potions of cancellation
 o - 4 potions of enlightenment
 q - 3 potions of might


   Skills:
 + Level 5.1 Fighting
 - Level 2.0 Dodging
 - Level 4.0 Stealth
 * Level 8.0 Unarmed Combat
 + Level 4.0 Invocations
 + Level 5.3 Shapeshifting


You had 8 spell levels left.
You didn't know any spells.
Your spell library contained the following spells:

 Spells                   Type           Power      Damage    Failure   Level
 Slow                     Hex            0%         N/A       32%         1
 Confusing Touch          Hex            0%         N/A       69%         3
 Gell's Gravitas          Tloc           0%         N/A       69%         3
 Stone Arrow              Conj/Erth      0%         3d7       69%         3
 Teleport Other           Tloc           0%         N/A       69%         3
 Vampiric Draining        Necr           0%         2d6       69%         3
 Dispersal                Tloc           0%         N/A       100%        6
 Lehudib's Crystal Spear  Conj/Erth      0%         10d2      100%        8
 Animate Armour           Summ/Erth      Unusable   N/A       N/A         4

Dungeon Overview and Level Annotations

Branches:
Dungeon (7/15)              Sewer (visited)
 Temple: D:4-7

Altars:
Ashenzari
Fedhas
Kikubaaqudgha
Makhleb
Okawaru


Innate Abilities, Weirdness & Mutations

You are a hulking beast.
Your limbs bulge with bestial killing power. (Slay +3)
You cannot wear most types of armour.
You are amphibious.
You can wear up to eight rings at the same time.
Your skin changes colour to match your surroundings (Stealth+).
Your rubbery body absorbs attacks. (AC +1, EV +1)
((You are camouflaged when in or above water. (Stealth+)))
You have tentacles for arms and can constrict up to eight enemies at once.


Message History

You see here a howler monkey corpse.
Something sets off the alarm!
The alarm trap emits a blaring wail!
A sentinel's mark forms upon you.
You hear an angry buzzing noise. x2; You hear a croak.
You hear a shout!
An ogre comes into view. It is wielding a +0 giant spiked club.
A sky beast appears from thin air!
Reactivating autopickup.
An orc comes into view. It is wielding a +0 mace.
The sky beast flickers out of sight!
Deactivating autopickup; reactivate with Ctrl-A.
Something hits you. Something shocks you.
An orc comes into view. It is wielding a +0 mace.
An orc comes into view. It is wielding a +0 dagger.
Something hits you. Something shocks you.
A bullfrog comes into view.
An orc comes into view.
It is wielding a +0 short sword and quivering silver boomerangs.
There is a stone staircase leading up here.
Something hits you. Something shocks you.
You climb upwards.
Reactivating autopickup.
There is a stone staircase leading down here.
Deactivating autopickup; reactivate with Ctrl-A.
You closely miss something. Something hits you. Something shocks you.
You miss something. Something completely misses you.
You barely miss something. Something completely misses you.
You miss something. You tentacle-slap something! You squeeze something.
You miss something. Something hits you. Something shocks you.
You bludgeon something! Something hits you but does no damage.
You tentacle-slap something. Something hits you. Something shocks you.
* * * LOW HITPOINT WARNING * * *
You miss something. Your squeeze misses something. Something hits you.
* * * LOW HITPOINT WARNING * * *
Something shocks you.
* * * LOW HITPOINT WARNING * * *
Okay, then.
You barely miss something. Something hits you.
* * * LOW HITPOINT WARNING * * *
Something shocks you.
You die...

#####...###.........#
##'###### #...# #.........#
#........ #...# ###.......#
#........ #
#...#####'###########........
# #...#........#
#............ #
#...#........# #............
# #...#........#
#............ #
#####........# #............
# #......{h# #............ #
#####'########...#...#### #
#.......###...#.#.# #
####.......##....+.#.#
#####..........##....###.#
#.............###.##.....####
####.............#
#.##.##......
##................#
#.##.........
.'................#
#.####.......


There were no monsters in sight!

Vanquished Creatures
  Pikel (D:6)
  A hornet (D:6)
  An ice beast (D:5)
  3 ogres
  A centaur (D:5)
  4 lemures
  2 scorpions
  2 howler monkeys (D:7)
  A crimson imp (D:6)
  2 jellies (D:6)
  2 hounds
  Crazy Yiuf (D:4)
  4 iguanas
  A sleepcap (D:3)
  Robin (D:3)
  13 adders
  4 river rats
  A white imp (D:7)
  An ufetubus (D:4)
  3 worms
  7 dart slugs
  5 endoplasms
  5 giant cockroaches
  16 goblins
  11 hobgoblins
  3 jackals (Sewer)
  7 quokkas
  9 ball pythons
  13 bats
  7 frilled lizards
  3 kobolds
  7 rats
142 creatures vanquished.

Notes
Turn   | Place    | Note
-------+----------+-------------------------------------------
     0 | D:1      | LustLizard the Octopode Shapeshifter began the quest for
                  | the Orb.
     0 | D:1      | Reached XP level 1. HP: 13/13 MP: 1/1
   226 | D:1      | Reached XP level 2. HP: 10/18 MP: 2/2
   323 | D:1      | Reached skill level 1 in Stealth
   524 | D:1      | Reached XP level 3. HP: 23/23 MP: 3/3
  1282 | D:2      | Reached XP level 4. HP: 17/29 MP: 4/4
  1788 | D:2      | Found a broken altar of Ashenzari.
  2197 | D:3      | Reached skill level 4 in Unarmed Combat
  2289 | D:3      | Noticed Robin
  2307 | D:3      | Killed Robin
  2324 | D:3      | Reached XP level 5. HP: 14/34 MP: 5/5
  2461 | D:3      | Found an ancient bone altar of Kikubaaqudgha.
  3090 | D:4      | Found an iron altar of Okawaru.
  3188 | D:4      | Became a worshipper of Warmaster Okawaru
  3404 | D:4      | Found a glowing drain.
  3420 | Sewer    | Entered a sewer
  3486 | Sewer    | Reached XP level 6. HP: 41/41 MP: 6/6
  3983 | Sewer    | Reached skill level 5 in Unarmed Combat
  4245 | D:4      | Found a runed translucent door.
  4246 | D:4      | Noticed Crazy Yiuf
  4255 | D:4      | Killed Crazy Yiuf
  4334 | D:5      | Entered Level 5 of the Dungeon
  4359 | D:5      | Noticed an ice beast
  4382 | D:5      | Reached XP level 7. HP: 22/46 MP: 7/7
  4531 | D:5      | Reached * piety under Okawaru
  4904 | D:5      | Reached skill level 6 in Unarmed Combat
  4904 | D:5      | Reached skill level 1 in Invocations
  5048 | D:5      | Found a blossoming altar of Fedhas.
  5128 | D:6      | Noticed Pikel
  5201 | D:6      | Reached XP level 8. HP: 54/54 MP: 9/9
  5641 | D:6      | Noticed a hornet
  5970 | D:6      | Found a broken altar of Ashenzari.
  5981 | D:6      | Found a burning altar of Makhleb.
  6064 | D:6      | Killed Pikel
  6064 | D:6      | Reached ** piety under Okawaru
  6065 | D:6      | Reached skill level 7 in Unarmed Combat
  6065 | D:6      | Reached skill level 5 in Shapeshifting
  6379 | D:6      | Killed a hornet
  6380 | D:6      | Reached skill level 5 in Fighting
  6380 | D:6      | Reached XP level 9. HP: 50/61 MP: 11/11
  6462 | D:7      | Reached skill level 8 in Unarmed Combat
  6502 | D:6      | Slain by a sky beast

Illustrated notes

Levels and vault maps discovered:
D:1:      dpeg_arrival_arbitrary_c, layout_loops_corners
D:2:      layout_basic, basic_altar, st_stairs_5
D:3:      layout_loops_ring, mainiacjoe_overflow_surrounded_room, uniq_robin
D:4:      layout_rooms, mainiacjoe_overflow_catwalk, portal_sewer_entry_c,
          minivault_4, uniq_crazy_yiuf_cottage
D:5:      layout_cave_pools, fedhas_altar_4
D:6:      layout_basic, makhleb_grotto_becter, mainiacjoe_overflow_alcove_1,
          uniq_pikel
D:7:      layout_rooms, minmay_temple_entry_fiery

Skill      XL: |  1  2  3  4  5  6  7  8  9 |
---------------+----------------------------+-----
Stealth        | 1 2 3 4 |  4.0
Fighting       | 2 3 5 |  5.1
Unarmed Combat | 4 5 6 7 8 |  8.0
Shapeshifting  | 4 5 |  5.3
Invocations    | 1 3 4 |  4.0
Dodging        | |  2.0

Action                     |  1- 3 |  4- 6 |  7- 9 || total
---------------------------+-------+-------+-------++-------
  Melee: Unarmed           |    54 |   171 |    76 ||   301
         Tentacles         |     9 |    24 |    22 ||    55
         Constrict         |    17 |    43 |    17 ||    77
         Punch             |     1 |     6 |     5 ||    12
  Throw: Dart              |       |     4 |    16 ||    20
 Invoke: Heroism           |       |       |     1 ||     1
    Use: Scroll            |     1 |     6 |       ||     7
         Potion            |       |     1 |       ||     1
   Stab: Sleeping          |    10 |    16 |     7 ||    33
 Armour: Skin              |     2 |    20 |     1 ||    23
  Dodge: Dodged            |    23 |    80 |    34 ||   137

Table legend: (Time is in decaauts)
 A = Elapsed time spent in this place.
 B = Non-inter-level travel time spent in this place.
 C = Inter-level travel time spent in this place.
 D = Time resting spent in this place.
 E = Time spent auto-exploring this place.
 F = Levels seen in this place.
 G = Mean time per level.
                   A        B        C        D        E       F      G
               +--------+--------+--------+--------+--------+-----+--------+
         Total |   6476 |   6228 |    248 |    452 |   4539 |   8 |  809.5 |
       Dungeon |   5878 |   5630 |    248 |    337 |   4242 |   7 |  839.7 |
         Sewer |    597 |    597 |      0 |    115 |    297 |   1 |  597.0 |
               +--------+--------+--------+--------+--------+-----+--------+

Top non-repeatable levels by time:
     D:6: 1265 daAuts
     D:1: 1144 daAuts
     D:3: 1058 daAuts
     D:2: 863 daAuts
     D:5: 857 daAuts
     D:4: 654 daAuts
   Sewer: 597 daAuts
     D:7: 35 daAuts
